 Dungeon Crawl Stone Soup version 0.26.1-11-gd32895ea62 (webtiles) character file.

Game seed: 3569131135210975278

795 hawla the Conjurer (level 7, -1/40 HPs)
             Began as a Deep Elf Conjurer on May 23, 2021.
             Slain by a centaur (4 damage)
             ... on level 5 of the Dungeon on May 24, 2021.
             The game lasted 00:11:47 (5437 turns).

hawla the Conjurer (Deep Elf Conjurer)              Turns: 5437, Time: 00:11:49

Health: -1/40      AC:  3    Str:  4    XL:     7   Next: 58%
Magic:  12/16      EV: 13    Int: 25    God:
Gold:   239        SH:  0    Dex: 13    Spells: 9/16 levels left

rFire    . . .     SeeInvis .   l - +4 whip
rCold    . . .     Faith    .   (no shield)
rNeg     + . .     Spirit   .   a - +0 robe
rPois    .         Reflect  .   (no helmet)
rElec    .         Harm     .   (no cloak)
rCorr    .         Rampage  .   t - +0 pair of gloves
Will     .....                  (no boots)
Stlth    ++........             (no amulet)
HPRegen  0.13/turn              p - ring of positive energy
MPRegen  0.15/turn              (no ring)

@: brilliant
A: no striking features
a: no special abilities


You were on level 5 of the Dungeon.
You visited 1 branch of the dungeon, and saw 5 of its levels.

You collected 239 gold pieces.

Inventory:

Hand Weapons
 l - a +4 whip (weapon)
Missiles
 d - 3 curare-tipped darts
 o - 10 poisoned darts
Armour
 a - a +0 robe (worn)
 t - a +0 pair of gloves (worn)
Jewellery
 p - a ring of positive energy (left hand)
Wands
 g - a wand of random effects (12)
Scrolls
 e - 2 scrolls of magic mapping
 m - 2 scrolls of teleportation
 q - 3 scrolls of remove curse
Potions
 b - a potion of brilliance
 c - a potion of might
 f - 2 potions of cancellation {unknown}
 h - 3 potions of mutation {unknown}
 i - a potion of flight {unknown}
 j - a potion of attraction {unknown}
 k - a potion of invisibility {unknown}


   Skills:
 - Level 2.0 Fighting
 - Level 1.0 Throwing
 - Level 3.0 Dodging
 - Level 3.0 Stealth
 - Level 5.0 Spellcasting
 + Level 7.6 Conjurations
 + Level 4.3 Translocations


You had 9 spell levels left.
You knew the following spells:

 Your Spells              Type           Power        Failure   Level
a - Magic Dart            Conj           100%         1%          1
b - Searing Ray           Conj           100%         1%          2
c - Iskenderun's Mystic   Conj/Tloc      53%          7%          4

Your spell library contained the following spells:

 Spells                   Type           Power        Failure   Level
 Dazzling Flash           Conj/Hex       74%          5%          3
 Fulminant Prism          Conj/Hex       18%          17%         4


Dungeon Overview and Level Annotations

Branches:
Dungeon (5/15)
 Temple: D:4-7

Altars:
Cheibriados
Dithmenos
Hepliaklqana
Nemelex Xobeh
Trog
Uskayaw
Wu Jian

Annotations:
D:1 dig for a potion


Message History

You feel a surge of power!
You erupt in a blast of force!
The mystic blast hits the centaur!
The centaur is heavily wounded.
The mystic blast hits the worker ant zombie!
The worker ant zombie is heavily damaged.
The worker ant zombie is knocked back by the mystic blast.
The worker ant zombie collides with the centaur!
The centaur unwields a +0 shortbow.
The centaur hits you!
* * * LOW HITPOINT WARNING * * *
Casting: Iskenderun's Mystic Blast (quite dangerous; 7% risk of failure)
Confirm with . or Enter, or press ? or * to list all spells.
The spell is quite dangerous to cast (7% risk of failure)!
Continue anyway?
You feel a surge of power!
You erupt in a blast of force!
The mystic blast hits the worker ant zombie.
The worker ant zombie is severely damaged.
The worker ant zombie is knocked back by the mystic blast.
The mystic blast hits the centaur.
The centaur is almost dead.
The centaur hits you.
You die...

......
.....#####+##
............
...Z......#
.####..$......#
..............#
......c........
.......@#
......#(##
..... #((# ....
##.# ...
#.###...# ##
#..##...#
##.##...#
#.##...#
#.##...#


You could see a centaur and a worker ant zombie.

Vanquished Creatures
  2 ogres
  A bullfrog (D:4)
  2 scorpions
  A centaur skeleton (D:4)
  2 orc wizards (D:3)
  A bullfrog skeleton (D:4)
  2 worker ants
  A hound skeleton (D:4)
  8 adders
  10 gnolls
  An ooze (D:4)
  4 worms
  3 dart slugs
  5 leopard geckos
  9 orcs
  8 bats
  6 giant cockroaches
  7 goblins
  7 hobgoblins
  10 kobolds
  2 quokkas (D:4)
  4 frilled lizards
  A leopard gecko skeleton (D:4)
  8 rats
105 creatures vanquished.

Notes
Turn   | Place    | Note
-------+----------+-------------------------------------------
     0 | D:1      | hawla the Deep Elf Conjurer began the quest for the Orb.
     0 | D:1      | Reached XP level 1. HP: 10/10 MP: 6/6
   237 | D:1      | Reached XP level 2. HP: 16/16 MP: 6/8
   372 | D:1      | Reached skill level 1 in Translocations
   375 | D:1      | Learned a level 2 spell: Searing Ray
   765 | D:1      | Reached skill level 1 in Fighting
   765 | D:1      | Reached XP level 3. HP: 20/20 MP: 7/10
  1027 | D:2      | Found a hide-covered altar of Uskayaw.
  1108 | D:2      | Found a hazy altar of Hepliaklqana.
  1109 | D:2      | Found a shadowy altar of Dithmenos.
  1109 | D:2      | Noticed a shadow
  1151 | D:2      | Reached XP level 4. HP: 25/25 MP: 7/12
  1154 | D:2      | Noticed an ogre
  1157 | D:2      | Reached skill level 5 in Conjurations
  1181 | D:2      | Killed an ogre
  1182 | D:2      | Reached XP level 5. HP: 29/29 MP: 1/13
  1434 | D:2      | Found a sparkling altar of Nemelex Xobeh.
  1437 | D:2      | Found an ornate altar of the Wu Jian Council.
  1462 | D:2      | Found a bloodstained altar of Trog.
  1481 | D:2      | Found a snail-covered altar of Cheibriados.
  1650 | D:2      | Reached skill level 6 in Conjurations
  2487 | D:3      | Learned a level 4 spell: Iskenderun's Mystic Blast
  2677 | D:3      | Reached XP level 6. HP: 34/34 MP: 7/14
  2891 | D:3      | Reached skill level 7 in Conjurations
  4083 | D:4      | Reached skill level 1 in Throwing
  4173 | D:4      | Reached XP level 7. HP: 26/38 MP: 8/15
  5072 | D:4      | Reached skill level 5 in Spellcasting
  5218 | D:5      | Entered Level 5 of the Dungeon
  5437 | D:5      | Slain by a centaur

Illustrated notes

Levels and vault maps discovered:
D:1:      dpeg_arrival_houses_and_road, layout_rooms, item_on_display_a
D:2:      layout_basic, riverfiend_overflow_shadow_ancestor,
          grunt_temple_overflow_cloverleaf, eat_drink_and_be_merry_uskayaw
D:3:      layout_basic, hex_large
D:4:      layout_gridville
D:5:      layout_basic, minmay_temple_entry_purple_smoke, uniq_duvessa,
          uniq_edmund

Skill      XL: |  1  2  3  4  5  6  7 |
---------------+----------------------+-----
Translocations | 1 2 3 4 |  4.3
Fighting       | 1 2 |  2.0
Spellcasting   | 4 5 |  5.0
Conjurations   | 5 6 7 |  7.6
Throwing       | 1 |  1.0
Dodging        | 3 |  3.0
Stealth        | 3 |  3.0

Action                   |  1- 3 |  4- 6 |  7- 9 || total
-------------------------+-------+-------+-------++-------
Melee: Whip              |       |    37 |    25 ||    62
       Unarmed           |       |     3 |       ||     3
 Cast: Magic Dart        |    42 |     9 |     2 ||    53
       Searing Ray       |    10 |    43 |     7 ||    60
       Iskenderun's Myst |       |     5 |     7 ||    12
  Use: Scroll            |     3 |     2 |     4 ||     9
       Potion            |       |       |     1 ||     1
 Stab: Sleeping          |       |     2 |       ||     2
       Distracted        |       |       |     1 ||     1
Armor: Robe              |     1 |     8 |     4 ||    13
Dodge: Dodged            |    11 |    37 |    27 ||    75
